 Dungeon Crawl Stone Soup version 0.21.0-24-g2553a33 (webtiles) character file.

4 Firecrotchwizard the Digger (level 1, 0/10 HPs)
             Began as a Gargoyle Earth Elementalist on Jan 21, 2018.
             Slain by a giant cockroach (2 damage)
             ... on level 1 of the Dungeon.
             The game lasted 00:01:08 (82 turns).

Firecrotchwizard the Digger (GrEE)                    Turns: 82, Time: 00:01:09

Health: 0/10       AC:  4    Str: 11    XL:     1   Next: 60%
Magic:  3/3        EV: 12    Int: 15    God:
Gold:   0          SH:  0    Dex: 10    Spells: 3/4 levels left

rFire    . . .     SeeInvis .   a - +0 club
rCold    . . .     Gourm    .   (no shield)
rNeg     + . .     Faith    .   c - +0 robe
rPois    ∞         Spirit   .   (no helmet)
rElec    +         Reflect  .   (no cloak)
rCorr    .         Harm     .   (no gloves)
MR       .....                  (no boots)
Stlth    ++........             (no amulet)
HPRegen  0.03/turn              (no ring)
MPRegen  0.08/turn              (no ring)

@: no status effects
A: negative energy resistance 1, electricity resistance, unbreathing,
petrification resistance, rot immunity, AC +2
a: no special abilities


You were on level 1 of the Dungeon.
You were not hungry.

You visited 1 branch of the dungeon, and saw 1 of its levels.

Inventory:

Hand Weapons
 a - a +0 club (weapon)
   (You took it off a hobgoblin on level 1 of the Dungeon)
Missiles
 b - 28 stones (quivered)
Armour
 c - a +0 robe (worn)
Books
 e - a book of Geomancy
Comestibles
 d - a ration {@e1}


   Skills:
 - Level 1.5 Dodging
 - Level 2.1 Stealth
 + Level 2.1 Spellcasting
   Level 0.7 Transmutations
 + Level 3.8 Earth Magic


You had 3 spell levels left.
You knew the following spells:

 Your Spells              Type           Power        Failure   Level  Hunger
a - Sandblast             Erth           ##....       4%          1    #......


Dungeon Overview and Level Annotations

Branches:
Dungeon (1/15)

Altars:


Innate Abilities, Weirdness & Mutations

You are resistant to torment.
Your stone body is resilient. (AC +2)
You are immune to poison.
You resist negative energy. (rN+)
You are resistant to electric shocks. (rElec)
You can survive without breathing.
You are immune to petrification.
You are immune to rotting.


Message History

Welcome, Firecrotchwizard the Gargoyle Earth Elementalist.
It is said that the Orb of Zot exists deep within this dungeon.
Found a staircase leading out of the dungeon.
As you open the door, it creaks loudly!
There is an open door here.
As you open the door, it creaks loudly!
A goblin comes into view.
The goblin shouts!
Aim: a goblin You throw a stone.
The stone completely misses the goblin.
You hear a splash.
You can't see any susceptible monsters within range! (Use Z to cast anyway.)
Okay, then.
Unknown command.
There is an open door here.
Aim: a goblin The blast of sand hits the goblin.
You kill the goblin!
b - 28 stones You now have 2/3 mp.
You start resting.
MP restored: 3 You enter the shallow water.
Moving in this stuff is going to be slow.
b - 29 stones (gained 1)
You enter the shallow water.
Moving in this stuff is going to be slow.
A rat comes into view.
A hobgoblin comes into view. It is wielding a club.
The hobgoblin shouts!
You hear an angry hiss.
You hear a shout!
Aim: a hobgoblin, wielding a club The blast of sand hits the hobgoblin.
You kill the hobgoblin!
b - 28 stones You now have 2/3 mp.
A kobold comes into view.
The kobold throws a stone.
The stone misses you.
A rat comes into view.
Things that are here:
a stone; a club; a hobgoblin corpse You hit the rat.
The rat closely misses you.
The kobold throws a stone.
The stone barely misses you.
You hit the rat but do no damage. The rat bites you.
You take 3 damage, and have 7/10 hp.
MASSIVE DAMAGE!!
You closely miss the rat. The rat closely misses you.
You closely miss the rat. The rat bites you but does no damage.
a - a club The rat bites you.
You take 1 damage, and have 6/10 hp.
a - a +0 club (weapon)
You hit the rat.
You kill the rat!
The rat completely misses you.
You closely miss the rat. The rat closely misses you.
You barely miss the rat. The rat barely misses you.
The kobold hits you but does no damage.
You closely miss the rat. The rat completely misses you.
The kobold barely misses you. The rat completely misses you.
MP restored: 3 You barely miss the kobold.
The kobold barely misses you. The rat bites you but does no damage.
You closely miss the kobold. The kobold misses you. The rat closely misses you.
The kobold hits you but does no damage.
A giant cockroach comes into view.
You closely miss the kobold.
The giant cockroach moves out of view.
The rat bites you. The kobold barely misses you.
You take 1 damage, and have 6/10 hp.
You barely miss the rat. The rat bites you but does no damage.
The kobold closely misses you. The rat barely misses you.
You hit the kobold but do no damage. The kobold barely misses you.
The rat closely misses you. The kobold misses you.
You hit the rat.
You kill the rat!
The kobold barely misses you.
You barely miss the kobold. The kobold hits you.
You take 2 damage, and have 4/10 hp.
You closely miss the kobold. The kobold barely misses you.
You barely miss the kobold. The kobold misses you.
The kobold barely misses you.
You closely miss the kobold. The kobold closely misses you.
You hit the kobold. The kobold barely misses you.
You hit the kobold but do no damage. The kobold hits you but does no damage.
The kobold hits you.
* * * LOW HITPOINT WARNING * * *
You take 1 damage, and have 3/10 hp.
You hit the kobold.
You kill the kobold!
The giant cockroach bites you but does no damage.
You hit the giant cockroach but do no damage.
The giant cockroach misses you.
You hit the giant cockroach but do no damage.
The giant cockroach bites you.
* * * LOW HITPOINT WARNING * * *
The giant cockroach closely misses you.
You take 1 damage, and have 2/10 hp.
You closely miss the giant cockroach. The giant cockroach misses you.
You hit the giant cockroach. The giant cockroach bites you.
You die...

#...#≈≈≈≈≈#
♣♣♣♣#...#.≈≈≈♣#
#..♣##.##.≈≈≈♣ # #
##..♣###..≈≈♣♣
.#.#. #........♣≈♣
#.....
###.....♣♣.##......
#♣♣..♣♣♣#...#
#.#########.#....#
#.....@s....#..#...
.....#####(....## .
... #...†........ .
.....#.#.#..###.
..s.........#
.....#.#.#..#
............#
.....#.#.#..#
...#........#


You could see a giant cockroach.

Vanquished Creatures
  A hobgoblin (D:1)
  A goblin (D:1)
  A kobold (D:1)
  2 rats (D:1)
5 creatures vanquished.

Notes
Turn   | Place    | Note
-------+----------+-------------------------------------------
     0 | D:1      | Firecrotchwizard the Gargoyle Earth Elementalist began the quest for the Orb.
     0 | D:1      | Reached XP level 1. HP: 10/10 MP: 3/3
    80 | D:1      | HP: 2/10 [giant cockroach (1)]
    82 | D:1      | Slain by a giant cockroach

Action                   || total
-------------------------++-------
Melee: Club              ||    21
       Unarmed           ||     4
Throw: Stone             ||     1
 Cast: Sandblast         ||     2
Armor: Robe              ||     7
Dodge: Dodged            ||    28

Vault maps used:
D:1:      sevenhm_arrival_forest_fort_small_5, serial_glass, glass_columns_b,
          glass_columns_c, minmay_misc_feat_pillars, corexii_leaking_fountain,
          okawaru_ov_weapons_minmay

Table legend:
 A = Turns spent in this place as a percentage of turns spent in the entire game.
 B = Non-inter-level travel turns spent in this place as a percentage of non-inter-level travel turns spent in the entire game.
 C = Inter-level travel turns spent in this place as a percentage of turns spent in this place.
 D = Turns resting spent in this place as a percentage of non-inter-level travel turns spent in this place.
 E = Turns spent auto-exploring this place as a percentage of non-inter-level travel turns spent in this place.
 F = Non-inter-level travel turns spent in this place divided by the number of levels of this place that you've seen.
                   A       B       C       D       E      F
               +-------+-------+-------+-------+-------+----------------------
         Total | 100.0 | 100.0 |   0.0 |  14.6 |  37.8 |  82.0
       Dungeon | 100.0 | 100.0 |   0.0 |  14.6 |  37.8 |  82.0
               +-------+-------+-------+-------+-------+----------------------

Table legend:
 A = Kills in this place as a percentage of kills in entire the game.
 B = Kills by you in this place as a percentage of kills by you in the entire game.
 C = Kills by friends in this place as a percentage of kills by friends in the entire game.
 D = Other kills in this place as a percentage of other kills in the entire game.
 E = Experience gained in this place as a percentage of experience gained in the entire game.
 F = Experience gained in this place divided by the number of levels of this place that you have seen.
                   A       B       C       D       E      F
               +-------+-------+-------+-------+-------+----------------------
         Total | 100.0 | 100.0 |   N/A |   N/A | 100.0 |   6.0
       Dungeon | 100.0 | 100.0 |   N/A |   N/A | 100.0 |   6.0
               +-------+-------+-------+-------+-------+----------------------
